TOP OF THE 1ST |
Salem Misfits batting - Pitching for San Antonio BC : LHP Jim Unknown
|
Pitching: LHP Jim Unknown
|
|
Batting: RHB Santiago Mosca
|
0-0: Ground out 3-1 (Groundball, 34)
|
Batting: RHB Gonzalo Ángel
|
0-0: Ball 1-0: Ball 2-0: Ball 3-0: Called Strike 3-1: Foul Ball, location: 2F 3-2: SINGLE (Flyball, 9S)
|
Batting: RHB Jim Unknown
|
0-0: Foul Ball, location: 2F 0-1: Ball 1-1: Ball 2-1: SINGLE (Line Drive, 56D) Gonzalo Ángel to second
|
Batting: SHB Salvador Trevino
|
0-0: Ball 1-0: Called Strike 1-1: Ball 2-1: Foul Ball, location: 2F 2-2: Strikes out swinging
|
Batting: LHB David Breitling
|
0-0: Swinging Strike 0-1: Ball 1-1: Fly out, F8 (Flyball, 8RM)
|
Top of the 1st over - 0 run(s), 2 hit(s), 0 error(s), 2 left on base; Salem 0 - San Antonio 0 |
BOTTOM OF THE 1ST |
San Antonio BC batting - Pitching for Salem Misfits : LHP Jorge Cedeño
|
Pitching: LHP Jorge Cedeño
|
|
Batting: LHB Earl Wiley
|
0-0: Ball 1-0: Foul Ball, location: 2F 1-1: Ball 2-1: Bunt missed! 2-2: Fly out, F7 (Flyball, 7LMF)
|
Batting: RHB António Pérez
|
0-0: Ball 1-0: Ground out 6-3 (Groundball, 6)
|
Batting: RHB Alfredo Mojica
|
0-0: Ball 1-0: Ball 2-0: DOUBLE (Flyball, 89XD)
|
Batting: RHB Alfonso Bocanegra
|
0-0: Foul Ball, location: 2F 0-1: Ball 1-1: Foul Ball, location: 2F 1-2: Ground out 4-3 (Groundball, 4)
|
Bottom of the 1st over - 0 run(s), 1 hit(s), 0 error(s), 1 left on base; Salem 0 - San Antonio 0 |
TOP OF THE 2ND |
Salem Misfits batting - Pitching for San Antonio BC : LHP Jim Unknown
|
Batting: LHB Brent van Schoonhoven
|
0-0: Ball 1-0: Ball 2-0: Called Strike 2-1: Called Strike 2-2: Foul Ball, location: 2F 2-2: Foul Ball, location: 2F 2-2: Ground out U3 (Groundball, 3S)
|
Batting: LHB Jorge García
|
0-0: Called Strike 0-1: Called Strike 0-2: Ball 1-2: Foul Ball, location: 2F 1-2: Ball 2-2: Ball 3-2: Strikes out swinging
|
Batting: RHB Ramón Ávila
|
0-0: Called Strike 0-1: Ball 1-1: Foul Ball, location: 2F 1-2: SINGLE (Groundball, 4MD)
|
Batting: LHB Jim Unknown
|
0-0: Ball 1-0: Ball Wild Pitch! Ramón Ávila to second 2-0: Foul Ball, location: 2F 2-1: Fly out, F9 (Flyball, 9)
|
Top of the 2nd over - 0 run(s), 1 hit(s), 0 error(s), 1 left on base; Salem 0 - San Antonio 0 |
BOTTOM OF THE 2ND |
San Antonio BC batting - Pitching for Salem Misfits : LHP Jorge Cedeño
|
Batting: LHB Miguel García
|
0-0: Ball 1-0: Ball 2-0: Ball 3-0: Called Strike 3-1: Ground out 4-3 (Groundball, 34D)
|
Batting: RHB George Zeek
|
0-0: Called Strike 0-1: Swinging Strike 0-2: Ball 1-2: Foul Ball, location: 2F 1-2: Ball 2-2: SINGLE (Groundball, 6D)
|
Batting: RHB Phil Dougherty
|
0-0: Ball 1-0: Ball 2-0: Ball 3-0: Base on Balls George Zeek to second
|
Batting: LHB Dawit Lihalakha
|
0-0: Called Strike 0-1: Ball 1-1: Swinging Strike 1-2: Ball 2-2: Foul Ball, location: 2F 2-2: Ball 3-2: Foul Ball, location: 2F 3-2: Foul Ball, location: 2F 3-2: Base on Balls George Zeek to third Phil Dougherty to second
|
Batting: RHB Ismael Sandoval
|
0-0: Ball 1-0: Ball 2-0: Called Strike 2-1: Called Strike 2-2: Fly out, F9 (Flyball, 9LSF) Runner from 3rd tags up, SCORES, no throw
|
Batting: LHB Earl Wiley
|
0-0: Called Strike 0-1: Called Strike 0-2: Ball 1-2: Strikes out swinging
|
Bottom of the 2nd over - 1 run(s), 1 hit(s), 0 error(s), 2 left on base; Salem 0 - San Antonio 1 |
TOP OF THE 3RD |
Salem Misfits batting - Pitching for San Antonio BC : LHP Jim Unknown
|
Batting: RHB Santiago Mosca
|
0-0: Ball 1-0: Ground out 6-3 (Groundball, 6)
|
Batting: RHB Gonzalo Ángel
|
0-0: Called Strike 0-1: Ball 1-1: Swinging Strike 1-2: Ball 2-2: Ground out 3-1 (Groundball, 34S)
|
Batting: RHB Jim Unknown
|
0-0: Ball 1-0: Ground out 5-3 (Groundball, 5)
|
Top of the 3rd over - 0 run(s), 0 hit(s), 0 error(s), 0 left on base; Salem 0 - San Antonio 1 |
BOTTOM OF THE 3RD |
San Antonio BC batting - Pitching for Salem Misfits : LHP Jorge Cedeño
|
Batting: RHB António Pérez
|
0-0: Called Strike 0-1: Foul Ball, location: 2F 0-2: Foul Ball, location: 2F 0-2: Foul Ball, location: 2F 0-2: Ball 1-2: Ball 2-2: Fly out, F8 (Flyball, 8RM)
|
Batting: RHB Alfredo Mojica
|
0-0: Fly out, F9 (Flyball, 9D)
|
Batting: RHB Alfonso Bocanegra
|
0-0: SINGLE (Line Drive, 8RS)
|
Batting: LHB Miguel García
|
0-0: Called Strike 0-1: Called Strike 0-2: Ball 1-2: SINGLE (Groundball, 4MD) Alfonso Bocanegra to second Runner from 2nd tries for 3rd, SAFE, throw made to third
|
Batting: RHB George Zeek
|
0-0: Foul Ball, location: 2F 0-1: SINGLE (Line Drive, 34D) Alfonso Bocanegra scores Miguel García to second
|
Batting: RHB Phil Dougherty
|
0-0: Called Strike 0-1: Ball 1-1: Ball 2-1: Ball 3-1: Called Strike 3-2: Fly out, F8 (Flyball, 8LD)
|
Bottom of the 3rd over - 1 run(s), 3 hit(s), 0 error(s), 2 left on base; Salem 0 - San Antonio 2 |
TOP OF THE 4TH |
Salem Misfits batting - Pitching for San Antonio BC : LHP Jim Unknown
|
Batting: SHB Salvador Trevino
|
0-0: Ball 1-0: Ball 2-0: Foul Ball, location: 2F 2-1: Ball 3-1: Called Strike 3-2: Foul Ball, location: 2F 3-2: Base on Balls
|
Batting: LHB David Breitling
|
0-0: Ground out 4-3 (Groundball, 4S) Salvador Trevino to second
|
Batting: LHB Brent van Schoonhoven
|
0-0: Called Strike 0-1: Ball 1-1: 2-RUN HOME RUN (Flyball, 9LD), Distance : 336 ft
|
Batting: LHB Jorge García
|
0-0: Called Strike 0-1: Ball 1-1: SINGLE (Groundball, 4MD)
|
Batting: RHB Ramón Ávila
|
0-0: Ball 1-0: Ball 2-0: Ball 3-0: Base on Balls Jorge García to second
|
Batting: LHB Jim Unknown
|
0-0: Called Strike 0-1: Swinging Strike 0-2: Ball 1-2: Foul Ball, location: 2F 1-2: Ball 2-2: Ball 3-2: Strikes out swinging
|
Batting: RHB Santiago Mosca
|
0-0: Called Strike 0-1: Ball 1-1: Ball 2-1: Foul Ball, location: 2F 2-2: Ball 3-2: Fly out, F4 (Line Drive, 4)
|
Top of the 4th over - 2 run(s), 2 hit(s), 0 error(s), 2 left on base; Salem 2 - San Antonio 2 |
BOTTOM OF THE 4TH |
San Antonio BC batting - Pitching for Salem Misfits : LHP Jorge Cedeño
|
Batting: LHB Dawit Lihalakha
|
0-0: Ball 1-0: Fly out, F3 (Popup, 3L)
|
Batting: RHB Ismael Sandoval
|
0-0: Ball 1-0: Ball 2-0: Foul Ball, location: 2F 2-1: Bunt for hit - play at first, batter OUT! 1-3
|
Batting: LHB Earl Wiley
|
0-0: Called Strike 0-1: Ball 1-1: Ball 2-1: Bunt for hit - play at first, batter OUT! 1-3
|
Bottom of the 4th over - 0 run(s), 0 hit(s), 0 error(s), 2 left on base; Salem 2 - San Antonio 2 |
TOP OF THE 5TH |
Salem Misfits batting - Pitching for San Antonio BC : LHP Jim Unknown
|
Batting: RHB Gonzalo Ángel
|
0-0: Called Strike 0-1: Ball 1-1: Foul Ball, location: 2F 1-2: Strikes out looking
|
Batting: RHB Jim Unknown
|
0-0: Ball 1-0: Ball 2-0: Ball 3-0: Base on Balls
|
Batting: SHB Salvador Trevino
|
0-0: Called Strike 0-1: Ball 1-1: Fly out, F2 (Popup, 23)
|
Batting: LHB David Breitling
|
0-0: Called Strike 0-1: Called Strike 0-2: SINGLE (Groundball, 4MD) Jim Unknown to second Runner from 2nd tries for 3rd, SAFE, throw made to third David Breitling to second
|
Batting: LHB Brent van Schoonhoven
|
0-0: Ball 1-0: Swinging Strike 1-1: Called Strike 1-2: Strikes out swinging
|
Top of the 5th over - 0 run(s), 1 hit(s), 0 error(s), 2 left on base; Salem 2 - San Antonio 2 |
BOTTOM OF THE 5TH |
San Antonio BC batting - Pitching for Salem Misfits : LHP Jorge Cedeño
|
Batting: RHB António Pérez
|
0-0: Called Strike 0-1: Called Strike 0-2: Ball 1-2: Foul Ball, location: 2F 1-2: Ball 2-2: Foul Ball, location: 2F 2-2: Ball 3-2: Foul Ball, location: 2F 3-2: Ground out 6-3 (Groundball, 6)
|
Batting: RHB Alfredo Mojica
|
0-0: Ball 1-0: SINGLE (Groundball, 6D)
|
Batting: RHB Alfonso Bocanegra
|
0-0: Ball 1-0: Called Strike 1-1: Grounds into double play, 6-4-3 (Groundball, 56)
|
Bottom of the 5th over - 0 run(s), 1 hit(s), 0 error(s), 0 left on base; Salem 2 - San Antonio 2 |
TOP OF THE 6TH |
Salem Misfits batting - Pitching for San Antonio BC : LHP Jim Unknown
|
Batting: LHB Jorge García
|
0-0: Called Strike 0-1: Ball 1-1: SINGLE (Line Drive, 56D)
|
Batting: RHB Ramón Ávila
|
0-0: Sac Bunt - play at first, batter OUT! 1-4 Jorge García to second
|
Batting: LHB Jim Unknown
|
Pickoff Throw to Second - Out! 0-0: Called Strike 0-1: Ball 1-1: Ball 2-1: Ball 3-1: Foul Ball, location: 2F 3-2: SINGLE (Line Drive, 4D)
|
Pitching: RHP Ken Carter
|
|
Batting: RHB Santiago Mosca
|
0-0: Ball 1-0: Foul Ball, location: 2F 1-1: Ball 2-1: Swinging Strike 2-2: Fly out, F4 (Line Drive, 4)
|
Top of the 6th over - 0 run(s), 2 hit(s), 0 error(s), 1 left on base; Salem 2 - San Antonio 2 |
BOTTOM OF THE 6TH |
San Antonio BC batting - Pitching for Salem Misfits : LHP Jorge Cedeño
|
Batting: LHB Miguel García
|
0-0: Fly out, F8 (Line Drive, 89D)
|
Batting: RHB George Zeek
|
0-0: Ball 1-0: Ground out 6-3 (Groundball, 56)
|
Batting: RHB Phil Dougherty
|
0-0: Called Strike 0-1: Ball 1-1: Ball 2-1: Ball 3-1: Called Strike 3-2: Ground out 4-3 (Groundball, 4)
|
Bottom of the 6th over - 0 run(s), 0 hit(s), 0 error(s), 0 left on base; Salem 2 - San Antonio 2 |
TOP OF THE 7TH |
Salem Misfits batting - Pitching for San Antonio BC : RHP Ken Carter
|
Batting: RHB Gonzalo Ángel
|
0-0: Called Strike 0-1: Swinging Strike 0-2: SINGLE (Line Drive, 4)
|
Batting: RHB Jim Unknown
|
0-0: Ball Wild Pitch! Gonzalo Ángel to second 1-0: Foul Ball, location: 2F 1-1: Called Strike 1-2: Foul Ball, location: 2F 1-2: Foul Ball, location: 2F 1-2: SINGLE (Line Drive, 89M) Gonzalo Ángel to third
|
Batting: SHB Salvador Trevino
|
0-0: Called Strike 0-1: Ball 1-1: Ground out 5-3 (Groundball, 56) Jim Unknown to second
|
Batting: LHB David Breitling
|
0-0: Intentional Walk
|
Batting: LHB Brent van Schoonhoven
|
0-0: Ball 1-0: Swinging Strike 1-1: Swinging Strike 1-2: Foul Ball, location: 2F 1-2: Ball 2-2: Fly out, F9 (Flyball, 9) Runner from 3rd tags up, SCORES, throw made
|
Pitching: RHP Franklin Johnson
|
|
Batting: LHB Jorge García
|
0-0: Ball 1-0: Foul Ball, location: 2F 1-1: Ball 2-1: Ball 3-1: Foul Ball, location: 2F 3-2: Foul Ball, location: 2F 3-2: Base on Balls Jim Unknown to third David Breitling to second
|
Pinch Hitting: SHB Jim Unknown
|
0-0: Foul Ball, location: 2F 0-1: Swinging Strike 0-2: Ball 1-2: TRIPLE (Flyball, 89XD) Jim Unknown scores David Breitling scores Jorge García scores
|
Batting: LHB Jim Unknown
|
0-0: Ball 1-0: Swinging Strike 1-1: Foul Ball, location: 2F 1-2: Ball 2-2: Ball 3-2: Fly out, F9 (Flyball, 9D)
|
Top of the 7th over - 4 run(s), 3 hit(s), 0 error(s), 1 left on base; Salem 6 - San Antonio 2 |
BOTTOM OF THE 7TH |
San Antonio BC batting - Pitching for Salem Misfits : LHP Jorge Cedeño
|
Now at 3B: Jim Unknown
|
|
Batting: LHB Dawit Lihalakha
|
0-0: Swinging Strike 0-1: Called Strike 0-2: Ball 1-2: Strikes out swinging
|
Batting: RHB Ismael Sandoval
|
0-0: Ground out 5-3 (Groundball, 56S)
|
Batting: LHB Earl Wiley
|
0-0: Foul Ball, location: 2F 0-1: Fly out, F6 (Line Drive, 6)
|
Bottom of the 7th over - 0 run(s), 0 hit(s), 0 error(s), 0 left on base; Salem 6 - San Antonio 2 |
TOP OF THE 8TH |
Salem Misfits batting - Pitching for San Antonio BC : RHP Franklin Johnson
|
Batting: RHB Santiago Mosca
|
0-0: Ball 1-0: Fly out, F9 (Flyball, 9LMF)
|
Batting: RHB Gonzalo Ángel
|
0-0: Swinging Strike 0-1: Ball 1-1: Ground out 6-3 (Groundball, 6)
|
Batting: RHB Jim Unknown
|
0-0: Ball 1-0: Ball 2-0: Foul Ball, location: 2F 2-1: Fly out, F9 (Flyball, 9LS)
|
Top of the 8th over - 0 run(s), 0 hit(s), 0 error(s), 0 left on base; Salem 6 - San Antonio 2 |
BOTTOM OF THE 8TH |
San Antonio BC batting - Pitching for Salem Misfits : LHP Jorge Cedeño
|
Batting: RHB António Pérez
|
0-0: Ball 1-0: Ball 2-0: Ground out 4-3 (Groundball, 4M)
|
Batting: RHB Alfredo Mojica
|
0-0: Foul Ball, location: 2F 0-1: Ground out 4-3 (Groundball, 34)
|
Batting: RHB Alfonso Bocanegra
|
0-0: Ball 1-0: Ball 2-0: Ball 3-0: Base on Balls
|
Pitching: RHP Carlos Costello
|
|
Batting: LHB Miguel García
|
0-0: SINGLE (Line Drive, 34D) Alfonso Bocanegra to second Runner from 2nd tries for 3rd, SAFE, throw made to third
|
Pitching: RHP Zach Wells
|
|
Batting: RHB George Zeek
|
0-0: Ball 1-0: Ball 2-0: Called Strike 2-1: Ground out 4-3 (Groundball, 4M)
|
Bottom of the 8th over - 0 run(s), 1 hit(s), 0 error(s), 2 left on base; Salem 6 - San Antonio 2 |
TOP OF THE 9TH |
Salem Misfits batting - Pitching for San Antonio BC : RHP Franklin Johnson
|
Batting: SHB Salvador Trevino
|
0-0: Ball 1-0: Ball 2-0: Ball 3-0: Foul Ball, location: 2F 3-1: Base on Balls
|
Batting: LHB David Breitling
|
0-0: Ball Salvador Trevino is caught stealing 2nd base 1-0: Ball 2-0: Called Strike 2-1: Ball 3-1: Called Strike 3-2: DOUBLE (Flyball, 8RD)
|
Batting: LHB Brent van Schoonhoven
|
0-0: Foul Ball, location: 2F 0-1: Swinging Strike 0-2: Strikes out swinging
|
Batting: LHB Jorge García
|
0-0: Ball 1-0: Ball 2-0: Swinging Strike 2-1: Ball 3-1: Swinging Strike 3-2: Base on Balls
|
Batting: RHB Jim Unknown
|
0-0: Ball 1-0: Ball 2-0: Ball 3-0: Called Strike 3-1: Fly out, F9 (Flyball, 89S)
|
Top of the 9th over - 0 run(s), 1 hit(s), 0 error(s), 2 left on base; Salem 6 - San Antonio 2 |
BOTTOM OF THE 9TH |
San Antonio BC batting - Pitching for Salem Misfits : RHP Zach Wells
|
Batting: RHB Phil Dougherty
|
0-0: Foul Ball, location: 2F 0-1: Called Strike 0-2: Strikes out swinging
|
Batting: LHB Dawit Lihalakha
|
0-0: Ball 1-0: SINGLE (Line Drive, 4MD)
|
Batting: RHB Ismael Sandoval
|
0-0: Ball 1-0: Called Strike 1-1: Called Strike 1-2: Ball 2-2: Ball 3-2: Fly out, F9 (Flyball, 9LM)
|
Batting: LHB Earl Wiley
|
0-0: Called Strike 0-1: Swinging Strike 0-2: Ball 1-2: Ball 2-2: Foul Ball, location: 2F 2-2: Strikes out swinging
|
Bottom of the 9th over - 0 run(s), 1 hit(s), 0 error(s), 1 left on base; Salem 6 - San Antonio 2 |
|